Map: Simulacrum LE

Players

INnoVation

  • Race: Terran Terran
  • League: Grandmaster
  • Spawn Location: 11:00

Serral - Winner!

  • Race: Zerg Zerg
  • Spawn Location: 5:00

Event: NationWars 2019

VOD

Have the link to the VOD?

Description

Time

  • Played on: Dec. 8, 2019, 4:06 p.m.
  • Length: 19:08

All games in this series

Show
View Real Time Build Order
Export as new Build Order

INnoVation Terran 

Build Orders: Reaper Expand, Mech 

Get SALT Encoding   

  12  0:00  SCV  
  13  0:12  SCV  
  14  0:17  Supply Depot  
  14  0:24  SCV  
  15  0:38  SCV  
  15  0:39  Barracks  
  16  0:44  Refinery  
  16  0:50  SCV  
  17  1:02  SCV  
  18  1:14  SCV  
  19  1:26  Orbital Command, Reaper  
  20  1:40  Command Center  
  20  1:51  Supply Depot  
  20  1:52  SCV  
  21  1:58  Marine  
  22  2:04  SCV  
  23  2:09  Factory  
  23  2:15  Refinery  
  23  2:16  SCV  
  23  2:20  Barracks Reactor  
  24  2:28  SCV  
  25  2:40  SCV  
  26  2:53  Orbital Command, SCV, Starport  
  27  2:59  Hellion x2  
  27  3:04  Marine  
  27  3:05  SCV  
  33  3:19  SCV x2  
  35  3:21  Hellion x2  
  39  3:31  Fusion Core  
  39  3:33  SCV x2  
  41  3:40  Supply Depot  
  41  3:45  SCV  
  41  3:46  SCV  
  43  3:50  Starport Tech Lab  
  43  3:58  SCV x2  
  42  4:10  SCV x2  
  44  4:18  Supply Depot, Battlecruiser  
  44  4:22  SCV x2  
  52  4:34  SCV x2  
  52  4:36  Command Center  
  54  4:40  Hellion  
  54  4:42  Hellion  
  58  4:46  Supply Depot  
  58  4:48  SCV x2  
  58  4:52  Refinery  
  60  4:53  Refinery  
  60  5:00  SCV x2  
  60  5:05  Supply Depot  
  62  5:08  Hellion x2  
  66  5:14  SCV x2  
  68  5:27  SCV x2, Battlecruiser  
  76  5:28  Supply Depot  
  76  5:35  Factory x2  
  76  5:41  Hellion  
  78  5:48  SCV x2, Hellion  
  82  5:50  Orbital Command  
  82  5:59  Weapon Refit  
  82  6:00  SCV x2  
  84  6:12  SCV x2  
  84  6:24  SCV x2  
  86  6:27  Factory Tech Lab  
  86  6:28  Factory Tech Lab, Supply Depot, Hellion x2  
  86  6:31  Battlecruiser  
  96  6:35  Refinery x2  
  96  6:38  SCV x2  
  96  6:39  Orbital Command  
  98  6:44  Engineering Bay  
  98  6:46  Supply Depot  
  98  6:48  Siege Tank  
  98  6:50  Siege Tank  
  104  6:54  SCV x2  
  106  7:04  Hellion  
  106  7:06  SCV  
  106  7:08  Supply Depot, Hellion  
  111  7:13  Supply Depot  
  109  7:18  Missile Turret x2  
  109  7:22  SCV x3  
  111  7:26  Siege Tank  
  111  7:28  Armory x2  
  109  7:36  SCV x3  
  110  7:48  SCV x3  
  113  7:59  Starport Reactor, Factory  
  113  8:00  SCV x3  
  113  8:02  Siege Tank x2  
  113  8:03  Factory  
  122  8:10  Supply Depot  
  122  8:11  Supply Depot  
  122  8:15  SCV  
  122  8:16  SCV x2  
  125  8:24  Terran Vehicle And Ship Armor Level 1, Terran Vehicle Weapons Level 1  
  123  8:27  SCV  
  123  8:28  SCV x2  
  126  8:36  Command Center, Sensor Tower  
  126  8:39  Siege Tank  
  129  8:46  Infernal Pre-Igniter  
  135  8:49  SCV x3  
  137  9:02  Supply Depot  
  137  9:04  SCV x3  
  137  9:09  Refinery  
  140  9:10  Refinery  
  140  9:11  Missile Turret, Siege Tank  
  140  9:13  Thor x2  
  149  9:21  Supply Depot  
  149  9:22  Supply Depot  
  149  9:24  SCV x3, Starport Reactor  
  146  9:35  Sensor Tower  
  146  9:36  SCV x3  
  149  9:46  Thor  
  149  9:49  SCV x3  
  158  9:56  Thor x2  
  158  9:58  Missile Turret  
  168  10:01  Missile Turret  
  168  10:03  SCV x3  
  170  10:10  Command Center  
  164  10:22  Terran Vehicle And Ship Armor Level 2, Terran Vehicle Weapons Level 2  
  164  10:24  Planetary Fortress  
  162  10:30  Hellion x2  
  162  10:31  Hellion x2  
  162  10:35  Barracks Reactor  
  170  10:39  Factory x3  
  170  10:44  Siege Tank x2  
  170  10:48  Siege Tank  
  179  10:51  Supply Depot  
  179  10:52  Supply Depot  
  179  10:59  Missile Turret  
  179  11:01  Missile Turret  
  179  11:03  Missile Turret  
  179  11:05  Hellion x2  
  179  11:06  Hellion x2  
  181  11:17  Thor, Starport x2  
  181  11:18  Fusion Core  
  175  11:19  Hellion  
  175  11:24  Command Center  
  177  11:26  Factory Tech Lab x2  
  177  11:27  Hellion x4  
  185  11:37  Factory Tech Lab  
  170  11:44  Siege Tank  
  170  11:45  Siege Tank x2  
  170  11:46  Hellion x2  
  157  11:48  Hellion x2  
  157  11:53  Command Center  
  161  11:55  Command Center  
  161  12:00  Siege Tank  
  163  12:11  Siege Tank  
  163  12:14  Starport Reactor x2  
  159  12:16  Thor x2, Advanced Ballistics  
  159  12:17  Hellion  
  167  12:24  Hellion x2  
  149  12:44  Siege Tank x2  
  149  12:45  Siege Tank, Hellion x2  
  149  12:46  Hellion x3  
  168  12:55  Refinery  
  162  12:59  Siege Tank  
  162  13:02  Thor  
  162  13:04  Hellion  
  167  13:07  Hellion  
  169  13:13  Command Center  
  169  13:16  Siege Tank  
  169  13:18  Viking x2  
  176  13:24  Hellion x3  
  178  13:35  Thor  
  178  13:37  Thor  
  180  13:48  Missile Turret  
  172  14:00  Thor x2  
  172  14:01  Siege Tank  
  179  14:12  Viking x2  
  179  14:18  Siege Tank  
  176  14:24  Terran Vehicle Weapons Level 3  
  176  14:38  Missile Turret x2  
  176  14:39  Missile Turret  
  176  14:40  Siege Tank  
  176  14:41  Siege Tank  
  182  14:50  Siege Tank x2  
  161  14:53  Orbital Command  
  161  14:56  Orbital Command  
  153  15:06  Siege Tank  
  155  15:10  Hellion  
  155  15:12  Siege Tank  
  155  15:13  Siege Tank  
  163  15:14  Hellion x2  
  154  15:26  Siege Tank x2  
  154  15:38  Siege Tank  
  154  15:41  Orbital Command  
  143  15:44  Hellion x2  
  143  15:45  SCV x2, Hellion  
  143  15:46  SCV  
  143  15:48  Planetary Fortress  
  147  15:50  Orbital Command, Refinery  
  147  15:52  Siege Tank, Refinery  
  147  15:56  Siege Tank  
  152  15:58  SCV, Siege Tank  
  152  16:03  Missile Turret  
  156  16:04  SCV x2  
  156  16:10  SCV  
  159  16:13  SCV  
  159  16:16  SCV  
  159  16:17  SCV  
  162  16:19  Thor, Hellion x2  
  162  16:20  Hellion  
  162  16:22  SCV  
  169  16:26  Missile Turret, SCV  
  169  16:28  SCV  
  169  16:30  Missile Turret  
  171  16:33  Siege Tank x3  
  171  16:37  Hellion  
  166  16:42  Siege Tank  
  166  16:44  Liberator x2  
  155  16:50  Liberator  
  155  16:51  Hellion  
  155  16:53  Hellion  
  145  16:56  Hellion  
  141  17:03  Siege Tank  
  141  17:05  Siege Tank x2, Hellion  
  156  17:16  Missile Turret  
  156  17:23  Siege Tank x2  
  156  17:25  Hellion  
  156  17:26  Hellion  
  143  17:35  Orbital Command, Siege Tank  
  143  17:36  Hellion  
  148  17:37  Siege Tank  
  148  17:39  Hellion  
  146  17:51  Missile Turret  
  145  18:02  SCV x3  
  145  18:04  Missile Turret  
  148  18:10  Siege Tank x2  
  148  18:12  Siege Tank  
  151  18:14  SCV  
  151  18:18  Hellion x2  
  125  18:27  Siege Tank  
  125  18:31  SCV  
Show
View Real Time Build Order
Export as new Build Order

Serral Zerg - Winner!

Build Orders: Pool First, Lurkers, Roach Hydra 

Get SALT Encoding   

  12  0:00  Drone  
  13  0:12  Overlord  
  13  0:16  Drone  
  14  0:30  Drone  
  14  0:31  Drone  
  14  0:34  Drone  
  17  0:44  Extractor  
  17  0:45  Drone  
  17  0:49  Spawning Pool  
  16  0:55  Drone  
  17  1:06  Drone  
  18  1:17  Hatchery  
  17  1:22  Drone  
  18  1:36  Queen  
  18  1:37  Zergling x2  
  22  1:40  Zergling x2  
  22  1:46  Metabolic Boost  
  22  1:53  Overlord  
  22  2:12  Drone x2, Queen  
  26  2:22  Drone  
  27  2:30  Drone, Queen  
  27  2:36  Drone  
  31  2:41  Drone  
  31  2:43  Drone  
  33  2:47  Drone x3  
  33  2:49  Pneumatized Carapace  
  36  2:54  Overlord  
  36  3:09  Hatchery  
  35  3:15  Queen  
  35  3:16  Drone  
  38  3:22  Drone x2  
  38  3:25  Overlord  
  40  3:29  Zergling x4  
  40  3:31  Zergling x2  
  43  3:35  Drone  
  43  3:40  Overlord  
  44  3:44  Overlord  
  44  3:49  Drone  
  44  3:52  Zergling x6  
  44  3:53  Drone  
  44  3:55  Queen  
  51  3:58  Drone  
  51  4:02  Drone  
  53  4:08  Drone  
  53  4:09  Drone x2  
  56  4:10  Drone  
  56  4:14  Lair  
  56  4:15  Drone  
  58  4:19  Drone  
  58  4:22  Queen  
  58  4:23  Drone  
  62  4:26  Drone  
  62  4:27  Drone  
  64  4:31  Roach Warren  
  64  4:35  Queen  
  64  4:37  Drone  
  66  4:40  Drone  
  66  4:41  Drone  
  66  4:44  Overlord  
  68  4:47  Drone x2  
  68  4:48  Drone  
  68  4:50  Drone  
  68  4:51  Drone  
  73  4:53  Overlord  
  73  5:01  Overlord  
  73  5:07  Spore Crawler  
  73  5:08  Spore Crawler  
  73  5:09  Spore Crawler  
  73  5:10  Drone  
  73  5:11  Drone x4  
  73  5:12  Drone  
  76  5:17  Extractor x2  
  76  5:18  Roach x3  
  76  5:19  Overseer  
  80  5:22  Roach  
  80  5:23  Roach  
  80  5:24  Drone  
  85  5:29  Drone x2, Evolution Chamber  
  85  5:30  Extractor  
  85  5:32  Overlord  
  85  5:39  Drone x5  
  85  5:41  Drone x2  
  92  5:47  Extractor  
  87  5:51  Drone x5  
  87  5:53  Drone  
  87  5:56  Glial Reconstitution  
  91  5:59  Zergling x4  
  91  6:05  Spore Crawler  
  91  6:07  Zergling x2  
  89  6:13  Drone  
  89  6:14  Drone  
  89  6:16  Drone x2  
  89  6:17  Drone  
  92  6:21  Drone x2  
  92  6:25  Zerg Missile Weapons Level 1  
  92  6:26  Drone x2  
  92  6:30  Hatchery  
  92  6:31  Drone  
  92  6:32  Drone x3, Extractor  
  96  6:33  Extractor  
  96  6:36  Infestation Pit  
  96  6:37  Hydralisk Den  
  96  6:38  Roach  
  95  6:42  Roach  
  95  6:44  Overlord x2  
  97  6:48  Overlord x3  
  97  6:52  Overlord  
  97  6:54  Spore Crawler  
  97  6:55  Overlord  
  100  7:08  Roach x3  
  100  7:09  Roach x2  
  100  7:15  Infestor x3  
  108  7:21  Drone x6  
  117  7:32  Neural Parasite  
  117  7:33  Grooved Spines  
  117  7:34  Drone x5  
  120  7:43  Spore Crawler, Extractor  
  118  7:45  Queen  
  118  7:46  Extractor, Overlord  
  118  7:49  Hive  
  118  7:50  Overlord  
  116  7:55  Hydralisk x3  
  116  7:57  Drone  
  116  7:58  Drone  
  123  8:01  Hydralisk  
  123  8:03  Hydralisk  
  123  8:04  Hydralisk  
  129  8:07  Hydralisk x2  
  129  8:08  Hydralisk  
  129  8:10  Hatchery  
  134  8:23  Drone  
  134  8:24  Drone x2  
  134  8:26  Hydralisk  
  134  8:27  Hydralisk x5  
  137  8:31  Hydralisk  
  151  8:35  Hydralisk x2  
  151  8:41  Burrow  
  153  8:44  Muscular Augments  
  153  8:46  Hydralisk x3  
  156  8:54  Extractor  
  156  8:55  Drone x3  
  158  8:58  Drone x2  
  158  9:00  Lurker Den  
  159  9:03  Zerg Missile Weapons Level 2  
  159  9:05  Hatchery  
  159  9:06  Drone  
  159  9:07  Evolution Chamber  
  158  9:11  Overlord x3  
  158  9:19  Overlord x3  
  158  9:23  Overlord  
  158  9:30  Overseer  
  158  9:33  Drone x3  
  158  9:34  Zerg Ground Armor Level 1  
  161  9:43  Viper  
  161  9:44  Viper x2  
  170  9:46  Seismic Spines  
  170  9:49  Viper  
  171  9:58  Drone  
  171  9:59  Drone x2  
  174  10:03  Extractor  
  174  10:04  Spore Crawler  
  174  10:05  Drone  
  174  10:06  Drone, Overlord  
  174  10:07  Extractor  
  174  10:09  Overlord  
  174  10:11  Drone x3  
  176  10:19  Drone  
  176  10:20  Drone x4  
  171  10:24  Drone  
  172  10:28  Lurker  
  172  10:29  Lurker x6  
  172  10:34  Spine Crawler  
  178  10:38  Drone  
  179  10:43  Overlord  
  179  10:45  Spine Crawler, Hydralisk x8  
  179  10:47  Spine Crawler  
  193  10:56  Hatchery  
  190  10:59  Hydralisk  
  190  11:00  Hydralisk x4  
  200  11:08  Infestor x3  
  198  11:28  Adaptive Talons  
  198  11:37  Viper x3  
  198  11:45  Viper x2  
  187  11:51  Lurker  
  187  11:52  Lurker x3  
  191  12:00  Hydralisk x4  
  185  12:23  Drone x2  
  185  12:24  Drone x2  
  185  12:25  Overseer  
  188  12:32  Lurker x3  
  188  12:33  Lurker, Drone x5  
  188  12:34  Drone x3  
  188  12:35  Drone x3  
  188  12:36  Zerg Ground Armor Level 2, Zerg Missile Weapons Level 3  
  199  12:41  Drone  
  200  12:49  Viper x2  
  189  13:02  Drone x2  
  189  13:04  Spine Crawler x2, Hydralisk x4  
  189  13:05  Extractor  
  194  13:06  Viper, Extractor  
  196  13:15  Drone x10  
  196  13:16  Drone x3  
  196  13:17  Hydralisk x3  
  195  13:21  Drone  
  195  13:22  Drone x5  
  195  13:24  Drone  
  200  13:30  Drone x3  
  200  13:32  Drone x2  
  200  13:38  Drone x2  
  196  13:42  Drone  
  196  13:43  Hydralisk  
  194  14:01  Hydralisk x6  
  200  14:07  Drone  
  190  14:11  Lurker x6  
  190  14:12  Drone x5  
  190  14:16  Drone x2  
  200  14:18  Drone x2  
  196  14:26  Drone x4  
  196  14:30  Overseer x2  
  200  14:49  Spine Crawler, Viper  
  196  15:00  Hydralisk x2  
  200  15:20  Zerg Ground Armor Level 3  
  200  15:21  Zerg Melee Weapons Level 1  
  197  15:29  Hydralisk x3  
  197  15:35  Viper x3  
  182  15:44  Hydralisk x7  
  199  15:50  Drone x2  
  199  15:55  Lurker x4  
  195  16:14  Overseer  
  195  16:18  Hydralisk x2  
  193  16:36  Hydralisk x5  
  190  16:50  Viper x4  
  188  16:57  Lurker x3  
  188  16:58  Viper x2  
  188  16:59  Drone  
  188  17:00  Drone  
  197  17:03  Hydralisk  
  199  17:15  Hatchery  
  198  17:23  Hydralisk  
  198  17:24  Hydralisk  
  198  17:29  Hydralisk x9  
  199  17:48  Lurker  
  199  17:50  Lurker, Hydralisk x4  
  200  17:59  Spire  
  200  18:00  Spire  
  200  18:01  Overseer  
  200  18:02  Hydralisk x2  
  199  18:08  Extractor  
  199  18:12  Extractor  
  188  18:21  Hydralisk x9  
  188  18:29  Hydralisk x12  
Tags
 
Add a new tag
Caveats
  • Supply blocks, unpowered buildings, or Contaminate may cause inaccurate times.
  • Supply counts are checked every 10 seconds.